 Dungeon Crawl Stone Soup version 0.31-a0-157-g0643eb4156 (webtiles) character file.

Game seed: 11623765503792184162

327 qw the Shooter (level 6, -3/57 HPs)
             Began as a Naga Hunter on June 12, 2023.
             Slain by Duvessa
             ... wielding a +0 short sword
              (13 damage)
             ... on level 4 of the Dungeon.
             The game lasted 00:00:53 (2384 turns).

qw the Shooter (Naga Hunter)                        Turns: 2384, Time: 00:00:53

Health: -3/57      AC:  5    Str: 13    XL:     6   Next: 50%
Magic:  6/6        EV: 10    Int: 10    God:
Gold:   107        SH:  0    Dex: 22    Spells: 5/5 levels left

rFire   . . .        Y - +0 shortbow
rCold   . . .        (shield currently unavailable)
rNeg    . . .        c - +0 leather armour
rPois   +            g - +0 helmet
rElec   .            (no cloak)
rCorr   .            b - +0 pair of gloves
SInv    +            (no barding)
Will    +....        j - amulet of Sojupoz {Will+ Regen+}
Stlth   ++           m - +6 ring of dexterity
HPRegen 1.09/turn    i - +4 ring of slaying {mikee}
MPRegen 0.10/turn

%: no passive effects
@: short of breath, very slow
A: AC +2, large, see invisible, deformed body, poison resistance, slowness 2,
spit poison 1, naga tail 1
a: Spit Poison


You were on level 4 of the Dungeon.
You visited 1 branch of the dungeon, and saw 4 of its levels.

You collected 107 gold pieces.


Innate Abilities, Weirdness & Mutations

Your serpentine skin is tough. (AC +2)
You have supernaturally acute eyesight. (SInv)
Armour fits poorly on your strangely shaped body.
Your system is resistant to poisons. (rPois)
You cover ground very slowly.
You can spit poison.
You have a snake-like lower body.


   Skills:
 + Level 3.7 Fighting
 - Level 6.0 Ranged Weapons
 - Level 2.0 Dodging
 - Level 1.5 Stealth


You had 5 spell levels left.
You didn't know any spells.
Your spell library was empty.

Inventory:

Hand Weapons
 Y - a +0 shortbow (weapon)
Armour
 b - a +0 pair of gloves (worn)
 c - a +0 leather armour (worn)
 g - a +0 helmet (worn)
 o - a +1 hat
Jewellery
 d - a ring of protection from fire
 i - a +4 ring of slaying (right hand) {mikee}
 j - the amulet of Sojupoz (around neck) {Will+ Regen+}
   (You found it on level 3 of the Dungeon)

   [amulet of regeneration]

   Regen:     It increases your rate of health regeneration.
   Will:      It increases your willpower.
 m - a +6 ring of dexterity (left hand)
Scrolls
 a - 3 scrolls of teleportation
 e - 4 scrolls of identify
 l - a scroll of vulnerability {unknown}
 n - a scroll of magic mapping {unknown}
Potions
 f - a potion of attraction {unknown}
 h - 2 potions of lignification {unknown}
 k - a potion of enlightenment {unknown}

Dungeon Overview and Level Annotations

Branches:
Dungeon (4/15)
 Temple: D:4-7

Altars:

Shops:
D:1 *:

Annotations:
D:4 Duvessa


Message History

You kill Dowan!
You hear a distant scream of rage.
You start resting.
You have got your breath back.
Duvessa, Sister of Dowan comes into view.
She is wielding a +0 short sword.
2377 ||| INVOKING Spit Poison.
Aiming: Spit Poison (1% risk of failure)
Press: ? - help, Shift-Dir - straight line, f - Duvessa The splash of poison hits Duvessa.
Duvessa is lightly wounded.
Duvessa shouts!
Duvessa goes berserk!
Duvessa rages.
You shoot an arrow. The arrow hits Duvessa.
Duvessa is lightly wounded.
You shoot an arrow. The arrow hits Duvessa.
Duvessa is moderately wounded.
You have got your breath back.
Duvessa hits you with a +0 short sword.
An endoplasm comes into view.
2380 ||| INVOKING Spit Poison.
Aiming: Spit Poison (1% risk of failure)
Press: ? - help, Shift-Dir - straight line, f/p - Duvessa The splash of poison hits Duvessa!
Duvessa is poisoned.
Duvessa is moderately wounded.
Duvessa hits you with a +0 short sword! Duvessa hits you with a +0 short sword.
You shoot an arrow. The arrow hits Duvessa!
Duvessa is heavily wounded.
Duvessa hits you but does no damage. Duvessa hits you with a +0 short sword.
You shoot an arrow. The arrow hits Duvessa!
Duvessa is severely wounded.
Duvessa hits you with a +0 short sword!
You shoot an arrow. The arrow hits Duvessa!
Duvessa is almost dead.
Duvessa hits you with a +0 short sword! Duvessa hits you with a +0 short sword.
You shoot an arrow. The arrow barely misses Duvessa.
The arrow hits the endoplasm!
You kill the endoplasm!
Duvessa hits you with a +0 short sword! x2
You die...

...##.# #.# ##.## ..
## #.# #.# ### . #.#
#.# . #.# #.# # #.
#.# .# #[#>#####.#
.# .#.......#.# .#
......)....####.##.#
).....e@...........#
...###.######.###..#
#........# #
#.######.###.# ..
#......>.# .#
#.######## .. #.# ..
#.# ###. #.#


You could see Duvessa (berserk, poisoned).

Vanquished Creatures
  2 scorpions (D:4)
  Dowan (D:4)
  Jessica (D:3)
  An iguana (D:4)
  4 adders
  A gnoll (D:3)
  A worm (D:3)
  3 dart slugs
  An orc (D:3)
  4 bats
  5 endoplasms
  5 giant cockroaches
  3 goblins
  4 hobgoblins
  5 jackals
  3 quokkas
  6 ball pythons
  5 frilled lizards
  5 kobolds
  3 rats
63 creatures vanquished.

Notes
Turn   | Place    | Note
-------+----------+-------------------------------------------
     0 | D:1      | qw the Naga Hunter began the quest for the Orb.
     0 | D:1      | Reached XP level 1. HP: 19/19 MP: 1/1
     0 | D:1      | 0 ||| qw: Version: 0.2-a-29-gc1b59c4
     0 | D:1      | 0 ||| qw: Game counter: 4121
     0 | D:1      | 0 ||| qw: Always use a shield: true
     0 | D:1      | 0 ||| qw: God list: Okawaru
     0 | D:1      | 0 ||| qw: Allow faded altars: false
     0 | D:1      | 0 ||| qw: Do Orc after D:15 true
     0 | D:1      | 0 ||| qw: Do second Lair branch before Depths: true
     0 | D:1      | 0 ||| qw: Lair rune preference: random
     0 | D:1      | 0 ||| qw: Plans: Normal
     0 | D:1      | 0 ||| PLANNING D:1-11
    15 | D:1      | Found Rean's General Store.
    40 | D:1      | 40 ||| SHOPLISTING amulet of faith (480 gold, have 22).
    40 | D:1      | 40 ||| SHOPLISTING scroll of enchant armour (90 gold, have
                  | 22).
    40 | D:1      | 40 ||| INVOKING Spit Poison.
    45 | D:1      | 45 ||| INVOKING Spit Poison.
    63 | D:1      | Reached skill level 4 in Ranged Weapons
    63 | D:1      | Reached XP level 2. HP: 26/26 MP: 2/2
   176 | D:1      | 176 ||| INVOKING Spit Poison.
   196 | D:1      | 196 ||| INVOKING Spit Poison.
   235 | D:1      | 235 ||| INVOKING Spit Poison.
   240 | D:1      | 240 ||| INVOKING Spit Poison.
   244 | D:1      | 244 ||| INVOKING Spit Poison.
   320 | D:1      | 320 ||| INVOKING Spit Poison.
   346 | D:1      | 346 ||| INVOKING Spit Poison.
   351 | D:1      | 351 ||| INVOKING Spit Poison.
   421 | D:1      | 421 ||| INVOKING Spit Poison.
   436 | D:1      | 436 ||| INVOKING Spit Poison.
   447 | D:1      | 447 ||| INVOKING Spit Poison.
   491 | D:1      | 491 ||| INVOKING Spit Poison.
   520 | D:1      | Found a faded altar of an unknown god.
   560 | D:1      | Found Ydaeler's Book Emporium.
   633 | D:1      | 633 ||| UPGRADING to +0 helmet.
   638 | D:1      | 638 ||| UPGRADING to ring of protection from cold.
   639 | D:1      | 639 ||| UPGRADING to +4 ring of slaying {mikee}.
   640 | D:1      | 640 ||| READING scroll labelled FAXIDOIPHE.
   641 | D:1      | 641 ||| DROPPING scroll of butterflies.
   698 | D:2      | 698 ||| INVOKING Spit Poison.
   705 | D:2      | 705 ||| INVOKING Spit Poison.
   737 | D:2      | 737 ||| INVOKING Spit Poison.
   741 | D:2      | Reached XP level 3. HP: 31/32 MP: 3/3
   743 | D:2      | 743 ||| INVOKING Spit Poison.
   747 | D:2      | 747 ||| INVOKING Spit Poison.
   878 | D:2      | 878 ||| INVOKING Spit Poison.
   939 | D:2      | 939 ||| INVOKING Spit Poison.
   956 | D:2      | 956 ||| INVOKING Spit Poison.
  1054 | D:2      | 1054 ||| INVOKING Spit Poison.
  1059 | D:2      | 1059 ||| INVOKING Spit Poison.
  1062 | D:2      | 1062 ||| INVOKING Spit Poison.
  1119 | D:2      | 1119 ||| INVOKING Spit Poison.
  1257 | D:2      | 1257 ||| INVOKING Spit Poison.
  1404 | D:2      | 1404 ||| UPGRADING to +0 pair of gloves.
  1409 | D:2      | 1409 ||| READING 2 scrolls labelled QUPIDU XEFI.
  1414 | D:2      | 1414 ||| READING scroll labelled IZUAL ZU AKUI.
  1436 | D:3      | 1436 ||| INVOKING Spit Poison.
  1455 | D:3      | 1455 ||| INVOKING Spit Poison.
  1458 | D:3      | Reached skill level 5 in Ranged Weapons
  1458 | D:3      | Reached XP level 4. HP: 33/39 MP: 4/4
  1458 | D:3      | 1458 ||| INVOKING Spit Poison.
  1465 | D:3      | 1465 ||| INVOKING Spit Poison.
  1468 | D:3      | 1468 ||| INVOKING Spit Poison.
  1494 | D:3      | 1494 ||| INVOKING Spit Poison.
  1533 | D:3      | 1533 ||| INVOKING Spit Poison.
  1639 | D:3      | 1639 ||| INVOKING Spit Poison.
  1660 | D:3      | 1660 ||| INVOKING Spit Poison.
  1671 | D:3      | 1671 ||| INVOKING Spit Poison.
  1674 | D:3      | Noticed Jessica
  1676 | D:3      | 1676 ||| INVOKING Spit Poison.
  1679 | D:3      | Killed Jessica
  1680 | D:3      | Reached skill level 3 in Fighting
  1683 | D:3      | Identified the amulet of Sojupoz {Will+ Regen+}
  1731 | D:3      | 1731 ||| INVOKING Spit Poison.
  1733 | D:3      | Reached XP level 5. HP: 49/49 MP: 5/5
  1871 | D:3      | 1871 ||| INVOKING Spit Poison.
  1963 | D:3      | 1963 ||| INVOKING Spit Poison.
  2071 | D:3      | 2071 ||| UPGRADING to amulet of Sojupoz {Will+ Regen+}.
  2076 | D:3      | 2076 ||| UPGRADING to +6 ring of dexterity.
  2078 | D:3      | 2078 ||| DROPPING ring of protection from cold.
  2079 | D:3      | 2079 ||| READING scroll labelled ERGHEQ WAMULIN.
  2127 | D:4      | 2127 ||| INVOKING Spit Poison.
  2132 | D:4      | 2132 ||| INVOKING Spit Poison.
  2226 | D:4      | 2226 ||| INVOKING Spit Poison.
  2231 | D:4      | 2231 ||| INVOKING Spit Poison.
  2235 | D:4      | Reached skill level 6 in Ranged Weapons
  2235 | D:4      | Reached XP level 6. HP: 56/56 MP: 6/6
  2250 | D:4      | 2250 ||| INVOKING Spit Poison.
  2279 | D:4      | 2279 ||| INVOKING Spit Poison.
  2314 | D:4      | 2314 ||| INVOKING Spit Poison.
  2358 | D:4      | 2358 ||| INVOKING Spit Poison.
  2358 | D:4      | Noticed Dowan
  2365 | D:4      | 2365 ||| INVOKING Spit Poison.
  2369 | D:4      | 2369 ||| INVOKING Spit Poison.
  2370 | D:4      | Killed Dowan
  2376 | D:4      | Noticed Duvessa
  2377 | D:4      | 2377 ||| INVOKING Spit Poison.
  2380 | D:4      | 2380 ||| INVOKING Spit Poison.
  2384 | D:4      | HP: 10/57 [Duvessa/+0 short sword (14)]
  2384 | D:4      | Slain by Duvessa

Levels and vault maps discovered:
D:1:      saegor_arrival_simple_c, layout_basic, serial_shops, shop,
          nicolae_book_shop_shelving, dreamdust_ecumenical_altar_statues,
          serial_bayou_lagoon_a
D:2:      layout_basic, chequers_serial_rivers_small_b,
          chequers_serial_rivers_micro_b
D:3:      layout_loops_ring, kennysheep_generic_room_16, uniq_jessica
D:4:      layout_loops_ring, hangedman_decor_lopped, uniq_duvessa

Skill      XL: |  1  2  3  4  5 |
---------------+----------------+-----
Ranged Weapons | 4 5 6 |  6.0
Fighting       | 3 |  3.7
Dodging        | 2 |  2.0
Stealth        | |  1.5

Action                     |  1- 3 |  4- 6 || total
---------------------------+-------+-------++-------
   Fire: Shortbow          |    67 |    53 ||   120
Ability: Spit Poison       |    29 |    24 ||    53
    Use: Scroll            |     3 |     1 ||     4
 Armour: Leather armour    |    11 |     6 ||    17
  Dodge: Dodged            |    10 |     6 ||    16

Table legend:
 A = Non-vault XP
 B = Vault XP
 C = Vault XP percentage of total XP
 D = Non-vault monster count
 E = Vault monster count
 F = Vault count percentage of total count
                 A         B        C        D         E       F
            +---------+---------+-------+---------+---------+-------
      Total |     337 |     133 |  28.3 |      58 |       5 |   7.9
            +---------+---------+-------+---------+---------+-------
        D:1 |      29 |       0 |   0.0 |      17 |       0 |   0.0
        D:2 |      30 |       0 |   0.0 |      19 |       0 |   0.0
        D:3 |      49 |      66 |  57.4 |      12 |       4 |  25.0
        D:4 |     229 |      67 |  22.6 |      10 |       1 |   9.1
            +---------+---------+-------+---------+---------+-------
